 Dungeon Crawl Stone Soup version 0.31.0-11-ge490571c62 (webtiles) character file.

Game seed: 18080960536351704687

730 ZoaN the Digger (level 7, -3/40 HPs)
             Began as a Gargoyle Earth Elementalist on Feb 2, 2024.
             Was a Believer of Qazlal.
             Slain by a wyvern (8 damage)
             ... on level 5 of the Dungeon.
             The game lasted 00:10:45 (4065 turns).

ZoaN the Digger (Gargoyle Earth Elementalist)       Turns: 4065, Time: 00:10:45

Health: -3/40      AC:  8    Str: 12    XL:     7   Next: 73%
Magic:  1/12       EV: 12    Int: 17    God:    Qazlal [**....]
Gold:   234        SH:  3    Dex: 10    Spells: 9/13 levels left

rFire   . . .        i - +0 short sword (protect)
rCold   . . .        (no shield)
rNeg    + . .        a - +0 robe
rPois   ∞            m - +0 hat
rElec   +            (no cloak)
rCorr   .            t - +0 pair of gloves
SInv    .            (no boots)
Will    .....        (no amulet)
Stlth   ++           (no ring)
HPRegen 0.26/turn    (no ring)
MPRegen 0.13/turn

%: no passive effects
@: attractive
A: sickness immunity, AC +4, negative energy resistance 1, electricity
resistance, torment resistance 1, petrification resistance
a: Renounce Religion, Upheaval


You were on level 5 of the Dungeon.
You worshipped Qazlal.
Qazlal was pleased with you.
You visited 1 branch of the dungeon, and saw 5 of its levels.

You collected 234 gold pieces.

Inventory:

Hand Weapons
 i - a +0 short sword of protection (weapon)
Armour
 a - a +0 robe (worn)
 m - a +0 hat (worn)
 t - a +0 pair of gloves (worn)
Jewellery
 s - a +4 ring of slaying
Scrolls
 c - 2 scrolls of fear {unknown}
 f - a scroll of revelation {unknown}
 j - 5 scrolls of identify {unknown}
 l - 2 scrolls of enchant armour {unknown}
 n - a scroll of enchant weapon {unknown}
 o - a scroll of immolation {unknown}
 q - a scroll of torment {unknown}
 u - a scroll of amnesia {unknown}
 v - a scroll of vulnerability {unknown}
 w - 2 scrolls of teleportation {unknown}
Potions
 b - a potion of curing {unknown}
 d - a potion of attraction
 e - 2 potions of might {unknown}
 g - 2 potions of enlightenment {unknown}
 h - 2 potions of heal wounds {unknown}
 k - a potion of ambrosia {unknown}
 p - a potion of haste {unknown}
 r - a potion of brilliance {unknown}
 x - a potion of berserk rage {unknown}
 z - a potion of lignification {unknown}


   Skills:
 - Level 2.0 Fighting
 - Level 2.0 Armour
 - Level 2.0 Dodging
 - Level 4.0 Stealth
 + Level 3.9 Spellcasting
 + Level 4.0 Conjurations
 + Level 5.6 Earth Magic
 + Level 2.8 Invocations


You had 9 spell levels left.
You knew the following spells:

 Your Spells              Type           Power      Damage    Failure   Level
a - Sandblast             Erth           44%        2d11      1%          1
b - Stone Arrow           Conj/Erth      38%        3d9       7%          3

Your spell library contained the following spells:

 Spells                   Type           Power      Damage    Failure   Level
 Magic Dart               Conj           64%        1d6       3%          1
 Searing Ray              Conj           32%        2d5       4%          2
 Passwall                 Erth           22%        N/A       4%          3
 Brom's Barrelling Bould  Conj/Erth      19%        2d4       22%         4
 Petrify                  Alch/Erth      13%        N/A       45%         4
 Fulminant Prism          Conj/Alch      5%         3d6       56%         4


Dungeon Overview and Level Annotations

Branches:
Dungeon (5/15) Zot: 25842  Temple (0/1) D:5

Altars:
Qazlal


Innate Abilities, Weirdness & Mutations

You are immune to sickness and miasma.
Your stone body is resilient. (AC +4)
You are immune to poison.
You resist negative energy. (rN+)
You are resistant to electric shocks. (rElec)
You are resistant to unholy torment.
You are immune to petrification.


Message History

Aiming: Stone Arrow (dangerous; 7% risk of failure)
Press: ? - help, Shift-Dir - straight line, f/p - wyvern
Aim: a wyvern (lightly wounded, 68% to hit)
The stone arrow misses the wyvern.
The wyvern bites you!
* * * LOW HITPOINT WARNING * * *
The wyvern bites you but does no damage.
Casting: Stone Arrow (dangerous; 7% risk of failure)
Confirm with . or Enter, or press ? or * to list all spells.
Aiming: Stone Arrow (dangerous; 7% risk of failure)
Press: ? - help, Shift-Dir - straight line, f/p - wyvern
Aim: a wyvern (lightly wounded, 68% to hit)
The stone arrow hits the wyvern!
The wyvern is heavily wounded.
The wyvern bites you but does no damage.
Casting: Stone Arrow (dangerous; 7% risk of failure)
Confirm with . or Enter, or press ? or * to list all spells.
You don't have enough magic to cast this spell.
Unknown command.
The wyvern bites you.
* * * LOW HITPOINT WARNING * * *
Casting: Stone Arrow (dangerous; 7% risk of failure)
Confirm with . or Enter, or press ? or * to list all spells.
Aiming: Stone Arrow (dangerous; 7% risk of failure)
Press: ? - help, Shift-Dir - straight line, f/p - wyvern
Aim: a wyvern (heavily wounded, 68% to hit)
The stone arrow misses the wyvern.
The wyvern misses you. x2
The wyvern completely misses you. The wyvern attacks as it pursues you!
The wyvern misses you.
Your magical contamination has completely faded away.
You block the wyvern's attack. The wyvern attacks as it pursues you!
The wyvern bites you.
* * * LOW HITPOINT WARNING * * *
The wyvern attacks as it pursues you! The wyvern closely misses you.
Okay, then.
Okay, then.
It was a potion of attraction.
You feel attractive to monsters.
The wyvern bites you but does no damage.
The wyvern bites you!
You die...

...................# ### #
#...#.###.#............# .#
..###.##....##########.##.#
### #.##..### #.#..####
#####.##..# #........
......##..# #.#
##.#####..### #.# #
#>##.......##########.#.#
##.##.#####.....@k.......#
#...#.#####.############.#
......#...#....# .#
....#.#...#.##.# #
...##.#...#.##.#
.#.##.......##.#
##.#####.#####.# #.# #.#
#.# ..# #.# ...


You could see a wyvern.

Vanquished Creatures
  Grinder (D:5)
  A black bear (D:4)
  An ogre (D:3)
  A howler monkey (D:4)
  A jelly (D:4)
  3 hounds
  A bombardier beetle (D:4)
  An iguana (D:4)
  Natasha (D:2)
  A gnoll (D:1)
  3 adders
  2 dart slugs (D:5)
  A ribbon worm (D:3)
  9 orcs (D:3)
  12 ball pythons
  5 endoplasms (D:1)
  2 giant cockroaches (D:4)
  5 goblins
  3 hobgoblins (D:1)
  4 jackals (D:2)
  7 kobolds
  3 quokkas
  4 bats (D:1)
  2 frilled lizards
  7 rats
81 creatures vanquished.

Notes
Turn   | Place    | Note
-------+----------+-------------------------------------------
     0 | D:1      | ZoaN the Gargoyle Earth Elementalist began the quest for
                  | the Orb.
     0 | D:1      | Reached XP level 1. HP: 10/10 MP: 3/3
   139 | D:1      | Reached XP level 2. HP: 15/15 MP: 0/5
   529 | D:1      | Found a faded altar of an unknown god.
   531 | D:1      | Noticed an eye of devastation
   531 | D:1      | Noticed a great orb of eyes
   532 | D:1      | Noticed a golden eye
   532 | D:1      | Noticed a glass eye
   557 | D:1      | Reached skill level 1 in Fighting
   557 | D:1      | Reached XP level 3. HP: 20/20 MP: 2/6
   557 | D:1      | Prayed at the altar of an unknown god.
   557 | D:1      | Became a worshipper of Qazlal Stormbringer
   557 | D:1      | Reached * piety under Qazlal
   860 | D:1      | Reached skill level 1 in Armour
  1302 | D:2      | Noticed Natasha
  1311 | D:2      | Killed Natasha
  1312 | D:2      | Reached skill level 4 in Earth Magic
  1312 | D:2      | Reached XP level 4. HP: 4/25 MP: 4/7
  1780 | D:3      | Reached ** piety under Qazlal
  2423 | D:3      | Reached XP level 5. HP: 29/29 MP: 6/8
  2772 | D:4      | Noticed an ogre
  2840 | D:3      | Killed an ogre
  2841 | D:3      | Reached skill level 1 in Invocations
  2841 | D:3      | Reached XP level 6. HP: 7/35 MP: 5/10
  2960 | D:4      | Noticed a black bear
  3269 | D:4      | Killed a black bear
  3270 | D:4      | Reached skill level 5 in Earth Magic
  3270 | D:4      | Reached XP level 7. HP: 40/40 MP: 7/12
  3753 | D:4      | Learned a level 3 spell: Stone Arrow
  3783 | D:5      | Entered Level 5 of the Dungeon
  3786 | D:5      | Noticed Grinder
  3787 | D:5      | Paralysed by Grinder for 2 turns
  3791 | D:5      | Paralysed by Grinder for 5 turns
  3799 | D:5      | Paralysed by Grinder for 3 turns
  3803 | D:5      | Killed Grinder
  3912 | D:5      | Found a staircase to the Ecumenical Temple.
  4050 | D:5      | Noticed a wyvern
  4065 | D:5      | Slain by a wyvern

Illustrated notes

Levels and vault maps discovered:
D:1:      nagdon_arrival_double_spiral, layout_basic, serial_curves,
          eino_curves_01, eino_curves_02, hellmonk_ecumenical_altar_watching_god
D:2:      wander_river, layout_rooms, item_on_display_a, uniq_natasha
D:3:      layout_basic, grunt_decor_fettered
D:4:      layout_basic
D:5:      layout_loops_ring, minmay_temple_entry_sparse_star, uniq_grinder,
          uniq_sigmund

Skill      XL: |  1  2  3  4  5  6  7 |
---------------+----------------------+-----
Fighting       | 1 2 |  2.0
Armour         | 1 2 |  2.0
Earth Magic    | 4 5 |  5.6
Dodging        | 2 |  2.0
Conjurations   | 2 3 4 |  4.0
Stealth        | 3 4 |  4.0
Invocations    | 1 2 |  2.8
Spellcasting   | 3 |  3.9

Action                     |  1- 3 |  4- 6 |  7- 9 || total
---------------------------+-------+-------+-------++-------
   Cast: Sandblast         |    51 |    73 |    22 ||   146
         Stone Arrow       |       |       |     3 ||     3
    Use: Potion            |     1 |       |     1 ||     2
 Armour: Robe              |     8 |    26 |    20 ||    54
  Dodge: Dodged            |     7 |    20 |    11 ||    38
  Block: Other             |     1 |     6 |     1 ||     8
